 Dungeon Crawl Stone Soup version 0.29-a0-234-g0dae59b3db (webtiles) character file.

Game seed: 4464403047724591956

45 Orangeyouglad the Sneak (level 3, -6/22 HPs)
             Began as a Kobold Brigand on Mar 3, 2022.
             Mangled by a polar bear (23 damage)
             ... created by the rage of Trog
             ... on level 2 of the Dungeon.
             The game lasted 00:04:50 (1330 turns).

Orangeyouglad the Sneak (Kobold Brigand)            Turns: 1330, Time: 00:04:51

Health: -6/22      AC:  3    Str: 10    XL:     3   Next: 90%
Magic:  3/3        EV: 14    Int: 12    God:
Gold:   45         SH:  0    Dex: 16    Spells: 2/2 levels left

rFire   . . .      SeeInvis .   a - +2 dagger
rCold   . . .      Faith    .   (no shield)
rNeg    . . .      Spirit   .   b - +0 robe
rPois   .          Reflect  .   (no helmet)
rElec   .          Harm     .   c - +0 cloak
rCorr   .          Rampage  .   (no gloves)
Will    .....                   (no boots)
Stlth   ++++......              (no amulet)
HPRegen 0.07/turn               (no ring)
MPRegen 0.08/turn               (no ring)

@: slowed, very slow
A: small, no large weapons, nightstalker 3
a: no special abilities


You were on level 2 of the Dungeon.
You visited 1 branch of the dungeon, and saw 2 of its levels.

You collected 45 gold pieces.

Inventory:

Hand Weapons
 a - a +2 dagger (weapon)
Missiles
 e - a curare-tipped dart
 l - 4 poisoned darts (quivered)
Armour
 b - a +0 robe (worn)
 c - a +0 cloak (worn)
 h - an orb of light
Jewellery
 i - a +6 ring of dexterity
Wands
 k - a wand of iceblast (8)
Scrolls
 d - a scroll of teleportation {unknown}
 g - a scroll of summoning {unknown}
 j - a scroll of noise {unknown}
Potions
 f - 2 potions of heal wounds {unknown}


   Skills:
 + Level 2.7 Fighting
 + Level 3.4 Short Blades
 + Level 2.6 Throwing
 + Level 2.0 Dodging
 + Level 5.7 Stealth


You had 2 spell levels left.
You didn't know any spells.
Your spell library contained the following spells:

 Spells                   Type           Power      Damage    Failure   Level
 Magic Dart               Conj           0%         1d3       32%         1
 Mephitic Cloud           Conj/Pois/Air  0%         N/A       69%         3
 Flame Wave               Conj/Fire      0%         2d4       97%         4
 Fire Storm               Conj/Fire      0%         5d1       100%        9


Dungeon Overview and Level Annotations

Branches:
Dungeon (2/15)

Altars:
Trog


Innate Abilities, Weirdness & Mutations

You are small and have problems with some larger weapons.
You are completely attuned to the shadows.


Message History

The ball python bites you but does no damage.
The ball python barely misses you.
Throw: 2 darts (poison)
Press: ? - help, Q - select action, (/) - cycle Shift-Dir - straight line, f - ball python
Aim: a ball python (58% to hit)
You throw a poisoned dart. The poisoned dart hits the ball python.
The ball python is poisoned.
The ball python bites you but does no damage.
The ball python grabs you. The ball python constricts you.
The ball python closely misses you. The ball python constricts you.
Throw: dart (poison)
Press: ? - help, Q - select action, (/) - cycle Shift-Dir - straight line, f/p - ball python
Aim: a ball python (moderately wounded, constricting you, poisoned, 58% to hit)
You throw a poisoned dart. The poisoned dart hits the ball python.
The ball python looks even sicker.
The ball python is moderately wounded.
The ball python bites you. The ball python constricts you.
Throw: 2 darts (curare)
Press: ? - help, Q - select action, (/) - cycle Shift-Dir - straight line, f/p - ball python
Aim: a ball python (moderately wounded, constricting you, very poisoned, 58% to hit)
You throw a curare-tipped dart.
The curare-tipped dart barely misses the ball python.
You kill the ball python!
l - 2 poisoned darts
l - 3 poisoned darts (gained 1)
You see here a bat corpse.
l - 4 poisoned darts (gained 1)
You see here a bat corpse.
You see here a bat corpse.
Trog sends monsters to punish you.
The divine experience drains your vigour!
You feel yourself slow down.
A black bear and 3 polar bears come into view.
The black bear rages.
The polar bear closely misses you. The polar bear misses you.
The polar bear closely misses you.
The polar bear rages.
The polar bear bites you!!
Ouch! That really hurt!
You die...

.## ##. .. #.##..
... .# #....###...
#.# ##.#.##.....
#.###).#....#.....
#.#...##..h##....
#.##.)#.hhh#...#
#.###..)##@#..# #.#
#.###.....# #.#
#.......>...
####.###########+##
........# .###..#.#
##...# #....####
#.......+


You could see 3 polar bears and a black bear (berserk).

Vanquished Creatures
  2 dart slugs (D:1)
  2 ball pythons
  4 endoplasms (D:1)
  3 giant cockroaches (D:1)
  2 goblins
  A hobgoblin (D:1)
  7 jackals
  3 kobolds (D:1)
  2 quokkas (D:1)
  3 bats
  3 frilled lizards
  6 rats
38 creatures vanquished.

Notes
Turn   | Place    | Note
-------+----------+-------------------------------------------
     0 | D:1      | Orangeyouglad the Kobold Brigand began the quest for the
                  | Orb.
     0 | D:1      | Reached XP level 1. HP: 12/12 MP: 1/1
   156 | D:1      | Found a faded altar of an unknown god.
   162 | D:1      | Prayed at the altar of an unknown god.
   162 | D:1      | Became a worshipper of Trog the Wrathful
   162 | D:1      | Reached * piety under Trog
   172 | D:1      | Fell from the grace of Trog
   193 | D:1      | Reached XP level 2. HP: 18/18 MP: 2/2
   441 | D:1      | Reached XP level 3. HP: 12/22 MP: 3/3
  1258 | D:2      | Paralysed by Trog for 2 turns
  1283 | D:2      | Got the Handbook of Damage Dealing
  1329 | D:2      | Noticed a black bear
  1329 | D:2      | Noticed a polar bear
  1329 | D:2      | Noticed a polar bear
  1329 | D:2      | Noticed a polar bear
  1330 | D:2      | Mangled by a polar bear

Illustrated notes

Levels and vault maps discovered:
D:1:      dpeg_arrival_round_c, layout_loops_ring,
          hellmonk_ecumenical_altar_crossroads
D:2:      layout_loops_corners, minmay_pentomino_s4

Skill      XL: |  1  2  3 |
---------------+----------+-----
Short Blades   | 3 |  3.4
Dodging        | 2 |  2.0
Fighting       | |  2.7
Throwing       | |  2.6
Stealth        | |  5.7

Action                   || total
-------------------------++-------
Melee: Dagger            ||    76
Throw: Dart              ||    30
Invok: Renounce Religion ||     1
 Stab: Sleeping          ||    15
Armor: Robe              ||    17
Dodge: Dodged            ||    69

Table legend: (Time is in decaauts)
 A = Elapsed time spent in this place.
 B = Non-inter-level travel time spent in this place.
 C = Inter-level travel time spent in this place.
 D = Time resting spent in this place.
 E = Time spent auto-exploring this place.
 F = Levels seen in this place.
 G = Mean time per level.
                   A        B        C        D        E       F      G
               +--------+--------+--------+--------+--------+-----+--------+
         Total |   1395 |   1370 |     25 |    252 |    690 |   2 |  697.5 |
       Dungeon |   1395 |   1370 |     25 |    252 |    690 |   2 |  697.5 |
               +--------+--------+--------+--------+--------+-----+--------+

Top non-repeatable levels by time:
     D:1: 1297 daAuts
     D:2: 98 daAuts
